Arrhythmia, chaotic female vampiric Convict ---- |..|---- --- ----- ---- --- --..--..-- --.-- ------.|.--------..| ---- --- ---. --.-- |.^......-- --...- --..||.......--.|...---..---.-- |... --...| --........-- |..... |...--........................| |... |....| --...--...----.....| --......................----.-- 0 |..---.---- ---|-d..........| |..................-.--- --- --- # |..|...| |@d..........-- ---........|....--.| # ---.--. |..|.--- --d|..--.%....| ----....---).....| ---...... |..|.| ------|.....-- |..%-| |-..*--- |.......| |..%.--- |.....-- --...---.)).-- |......-- --.--...| --- --.....| ---....|..%--.---- ----..[--- |..-|..-- --^. |-....| |...|..|.........| --....| |...|--- |... ---....--------.------.|.......------------..--.%..----<.| |... ................---|.[.|-..>..%.........................-- --..-------------.....-------...--..----.........---------......------- |........^............| |.........| |..--......-- ----...| ----------------......| |.........| --------....| -...--- |........-- |..--- --.- --.|.--.-- ---- - -------- Arrhythmia the Jail-bird Experience level: 7 Strength: 17 Dexterity: 13 Constitution: 18 Intelligence: 13 Wisdom: 9 Charisma: 7 Health: 0(70) Energy: 46(46) AC: 6 Gold: 508 Moves: 2916 Your Inventory: Coins $ - 508 gold pieces Weapons h - an uncursed [+0] crude dagger [orcish] (alternate weapon; not wielded) p - an [uncursed +0] broad pick [dwarvish mattock] Armor b - a cursed +0 striped shirt (being worn) l - an [uncursed] +0 hooded cloak [dwarvish] (being worn) q - an [uncursed] +0 hard hat [dwarvish iron helm] (being worn) r - an [uncursed] +0 pair of hard shoes [iron] (being worn) Scrolls e - an uncursed scroll labeled PRATYAVAYAH [of remove curse] f - a blessed scroll labeled HACKEM MUCHE [of earth] i - a blessed scroll labeled ZLORFIK [of magic mapping] o - an [uncursed] scroll labeled ANDOVA BEGARIN [of light] Wands u - an [uncursed] titanium wand [of undead turning (0:7)] Tools t - an [uncursed] partly used [tallow] candle (lit) v - an [uncursed] bag [sack] Iron balls c - an uncursed heavy iron ball (chained to you) (weapon in hand) Spells known in the end: Name Level Category Fail Memory Your skills at the end: Fighting Skills Weapon Skills sling [Basic / Skilled] Spellcasting Skills Final Attributes: You were piously aligned. Hunger level was 882. Your alignment was 24 / 24. Monster difficulty range was 0 - 6. Level difficulty was 5. You were immune to poison. You were immune to level-drain. You were immune to sickness. You were punished. You could fly. You could survive without air. You regenerated. Your luck was zero. You are dead. Vanquished creatures: a wolf a snake a shrieker a gnome lord a gnomish wizard 2 elf zombies a straw golem a floating eye 3 dwarves a rothe a giant bat a dwarf zombie an iguana a gas spore 3 hobbits a giant rat a brown mold 15 gnomes 5 gnome zombies 5 geckos 2 jackals 2 foxes 2 goblins 12 grid bugs 2 lichens 6 newts 73 creatures vanquished. Voluntary challenges: You went without food. You never hit with a wielded weapon. You read items or engraved 1 time. You put on armor 5 times. You never genocided any monsters. You never polymorphed an object. You never changed form. You used no wishes. You abstained from Elbereth's help. You never encountered a bones level. You never used any Sokoban shortcuts. Dungeon overview: The Dungeons of Doom: levels 1 to 4 Level 1 a long staircase Level 2 an altar Level 3 a tool shop Level 4 a potion shop, a fountain stairs to The Gnomish Mines The Gnomish Mines: Level 5 <- You were here stairs to The Dungeons of Doom History has recorded: On T:1 you entered the Dungeons of Doom to retrieve the Amulet of Yendor! On T:298 you reached level 2 of The Dungeons of Doom. On T:373 you advanced to experience level 2. On T:928 you advanced to experience level 3. On T:1043 you reached level 3 of The Dungeons of Doom. On T:1142 you advanced to experience level 4. On T:1618 you advanced to experience level 5. On T:2000 you reached level 4 of The Dungeons of Doom. On T:2326 you advanced to experience level 6. On T:2422 you reached level 1 of The Gnomish Mines. On T:2676 you advanced to experience level 7. Latest messages: You miss the wolf. You bite the wolf. The wolf bites! (3x) [HP-18=21] [HP+1=22] [HP+1=23] [HP+1=24] [HP+1=25] [HP+1=26] [HP+1=27] [HP+1=28] You miss the wolf. (2x) The wolf bites! (2x) [HP-12=16] You hit the wolf! You bite the wolf. The wolf bites! (3x) [HP-9=7] You hit the wolf. You bite the wolf. The wolf bites! (2x) You die... The sack is empty. Final status: Goodbye Arrhythmia the Convict... You died in The Gnomish Mines on dungeon level 5 with 2788 points, and 508 pieces of gold, after 2916 moves. You were level 7 with a maximum of 70 hit points when you died.